 Dungeon Crawl Stone Soup version 0.17.2 (webtiles) character file.

212740 Lorraine the Grappler (level 18, -2/160 HPs)
             Began as a Green Draconian Transmuter on June 20, 2016.
             Was the Champion of Kikubaaqudgha.
             Slain by a hellwing (13 damage)
             ... summoned by Frances
             ... on level 1 of the Shoals on June 28, 2016.
             The game lasted 03:35:52 (72234 turns).

Lorraine the Grappler (Green Draconian Transmuter) Turns: 72234, Time: 03:35:52

Health: -2/160     AC: 17    Str: 15    XL:     18   Next: 25%
Magic:  16/35      EV: 21    Int: 18    God:    Kikubaaqudgha [******]
Gold:   1674       SH:  0    Dex: 14    Spells: 9 memorised, 6 levels left

rFire  . . .     SeeInvis +       - Unarmed
rCold  . . .     Clarity  .     (armour unavailable)
rNeg   . . .     SustAt   .     (shield currently unavailable)
rPois  +         Gourm    .     (helmet restricted)
rElec  .         Spirit   .     w - +2 cloak {+Inv}
rCorr  .         Warding  .     (gloves currently unavailable)
rMut   .         Stasis   .     V - +2 pair of boots
MR     +....                    (no amulet)
Stlth  ++........               I - ring of the Octopus King {AC+1 EV+1 Str+1 Int+1 Dex+1 SInv}
                                r - ring of flight

@: blade hands, somewhat resistant to hostile enchantments, unstealthy
A: breathe noxious fumes, unfitting armour, stinger 1, dopey 1, mutation
resistance 1, poison resistance, regeneration 1, cold-blooded, AC +10
a: Breathe Noxious Fumes, End Transformation, Receive Corpses, Torment, Renounce
Religion, Evoke Invisibility, Evoke Flight
}: 1/15 runes: gossamer


You were on level 1 of the Shoals.
You worshipped Kikubaaqudgha.
Kikubaaqudgha was exalted by your worship.
You were very hungry.
You had blades for hands.
You visited 5 branches of the dungeon, and saw 32 of its levels.
You visited the Abyss 1 time.
You also visited: Ice Cave and Volcano.

You collected 3673 gold pieces.
You spent 1999 gold pieces at shops.

Inventory:

Missiles
 a - 604 arrows
 i - 9 poisoned arrows
Armour
 n - a +1 pair of gloves (melded)
 w - a +2 cloak of invisibility (worn)
 R - a +0 buckler of protection (melded)
 V - a +2 pair of boots (worn)
Jewellery
 r - a ring of flight (left scythe-like blade)
 v - an uncursed ring of sustain attributes
 I - a ring of the Octopus King (right scythe-like blade) {AC+1 EV+1 Str+1 Int+1 Dex+1 SInv}
   (You found it on level 15 of the Dungeon)

   [ring of see invisible]

   It affects your AC (+1).
   It affects your evasion (+1).
   It affects your strength (+1).
   It affects your intelligence (+1).
   It affects your dexterity (+1).
   It lets you see invisible.
 P - an uncursed ring of wizardry
 W - an uncursed ring of fire
Wands
 g - a wand of confusion (37)
 J - a wand of paralysis (13)
 M - a wand of lightning (8)
 N - a wand of fireball (7)
 Q - a wand of disintegration (14)
 T - a wand of hasting (2)
 X - a wand of cold (9)
Scrolls
 f - a scroll of brand weapon
 l - 8 scrolls of enchant weapon
 m - 2 scrolls of identify
 q - a scroll of fear
 t - 4 scrolls of teleportation
 B - a scroll of blinking
 E - 7 scrolls of magic mapping
 G - 3 scrolls of silence
 L - 6 scrolls of amnesia
 O - 7 scrolls of remove curse
 U - 2 scrolls of fog
Potions
 d - 2 potions of resistance
 h - 6 potions of ambrosia
 o - 3 potions of magic
 s - 2 potions of brilliance
 u - a potion of flight
 x - 6 potions of lignification
 z - 11 potions of curing
 C - 2 potions of berserk rage
 D - 5 potions of agility
 F - a potion of haste
 S - a potion of invisibility
Miscellaneous
 e - a stone of tremors
 H - a sack of spiders
 K - an ornate deck of war {Foxfire}
Comestibles
 b - a royal jelly
 c - 17 bread rations
 j - 3 chunks of flesh
 k - 9 meat rations


   Skills:
 - Level 14.2 Fighting
 - Level 12.4 Dodging
 - Level 4.2 Stealth
 - Level 5.2 Shields
 + Level 14.3 Unarmed Combat
 + Level 13.1 Spellcasting
 - Level 3.8 Charms
 * Level 10.4 Necromancy
 - Level 3.3 Translocations
 - Level 11.4 Transmutations
 * Level 10.0 Ice Magic
   Level 2.7 Poison Magic


You had 6 spell levels left.
You knew the following spells:

 Your Spells              Type           Power        Failure   Level  Hunger
a - Animate Dead          Necr           N/A          14%         4    #......
b - Blink                 Tloc           N/A          21%         2    None
d - Dispel Undead         Necr           #####...     24%         5    ####...
f - Statue Form           Trmt/Erth      ####.....    99%         6    ######.
i - Ice Form              Ice/Trmt       ######..     14%         4    #......
l - Blade Hands           Trmt           ######....   17%         5    ####...
r - Regeneration          Chrm/Necr      #####.....   14%         3    None
s - Simulacrum            Ice/Necr       #####.....   54%         6    ######.
t - Sticks to Snakes      Trmt           ######....   8%          2    None


Dungeon Overview and Level Annotations

Branches:
Dungeon (15/15)            Temple (0/1) D:4            Lair (8/8) D:10
 Shoals (1/4) Lair:3       Spider (4/4) Lair:5        Slime (0/6) Lair:6
    Orc (4/4) D:10            Elf (0/3) Orc:3        Vaults (0/5) D:14
 Depths (0/5) D:15

Altars:
Ashenzari
Cheibriados
Dithmenos
Fedhas
Kikubaaqudgha
Makhleb
Qazlal
Ru
Sif Muna
Trog
Vehumet
Xom
Zin
The Shining One
Beogh

Shops:
D:6 %   D:7 *   Orc:3 :**   Orc:4 (!(*

Portals:
Trove: D:11 (give +4 demon blade)

Annotations:
D:5 Goblin1989's ghost, amateur DsWn
Shoals:1 Frances


Innate Abilities, Weirdness & Mutations

You can breathe blasts of noxious fumes.
Your lurid green scales are hard (AC +10).
Your body does not fit into most forms of armour.
Your tail ends in a poisonous barb.
Your system is resistant to poisons.
You are cold-blooded and may be slowed by cold attacks.
You are dopey. (Int -2)
You are somewhat resistant to further mutation.
Your natural rate of healing is unusually fast.


Message History

Frances is moderately wounded.
Frances hits you with a dire flail!! The hellwing completely misses you.
The hellwing completely misses you. The hellwing misses you.
The hellwing hits you but does no damage.
You slash Frances!
Frances is heavily wounded.
The sun demon hits you but does no damage.
Frances screams a word of power!
The iron shot hits you!
Your snapping turtle simulacrum barely misses Frances.
The hellwing blocks your snapping turtle simulacrum's attack.
You shred Frances!!!
Frances is severely wounded.
The sun demon hits you!!
* * * LOW HITPOINT WARNING * * *
You are engulfed in flames!!
* * * LOW HITPOINT WARNING * * *
The hellwing hits you!
You die...
Kikubaaqudgha rasps: "You have failed me!
Welcome... death!"

≈≈≈≈≈≈≈≈≈≈≈≈≈≈≈≈≈
≈.....≈≈≈≈≈≈≈≈≈≈≈≈≈≈≈≈≈≈
......≈≈≈≈≈≈≈.≈≈≈≈≈≈≈≈≈≈
.....≈≈..≈≈≈.≈≈≈≈≈≈≈≈≈≈
#....≈.......≈≈....≈≈≈
###................≈.P≈≈
...≈....≈..#.......P.≈PP
......3ZZ.# #..Z......Z≈
......@@ZZ###...ZP.....≈
≈≈....44Z..Z...........Z
≈.........Z.........≈Z..
≈..≈≈≈.≈≈.....###P..≈...
≈≈≈≈.≈≈≈≈≈....# #.......
≈≈≈≈≈≈≈≈≈.....# #.≈.....
≈≈≈≈≈≈≈≈≈≈≈........≈≈P.P
≈≈≈≈≈≈≈≈≈≈≈≈.......≈≈..P
≈≈≈≈≈≈≈≈≈≈...........


You could see Frances, a sun demon, 2 hellwings, 3 friendly snapping turtle
simulacra and 4 friendly alligator snapping turtle simulacra.

Vanquished Creatures
  Saint Roka (Orc:4)
  A thorn hunter (D:7)
  Kirke (D:13)
  A fire giant (D:11)
  An orc warlord (Orc:4)
  A frost giant (IceCv)
  Louise (Spider:3)
  2 emperor scorpions (Spider:4)
  5 ghost moths
  Nessos (Lair:6)
  The ghost of Goblin1989 the Martial Artist, a journeyman DsGl of Nemelex Xobeh (Lair:7)
  An ettin (D:11)
  Snorg (D:12)
  A merfolk impaler (Shoals:1)
  A fire dragon (Lair:8)
  Josephine (D:10)
  2 entropy weavers
  The ghost of nublet the Arsonist, a journeyman CeFE of Sif Muna (D:13)
  A yaktaur captain (D:15)
  10 hydras
  Harold (Lair:4)
  2 rakshasas
  Erolcha (D:12)
  2 centaur warriors
  2 catoblepae
  21 death yaks
  3 tengu warriors
  An ogre mage (D:14)
  Urug (Lair:1)
  4 orc high priests (Orc:4)
  The ghost of Goblin1989 the Cruncher, a novice GrGl of Makhleb (D:10)
  A sea snake (Shoals:1)
  6 unseen horrors
  7 hill giants
  2 lindwurms
  Pikel (D:8)
  18 wizards
  6 ugly things
  6 orb spiders
  8 orc knights
  9 orc sorcerers
  3 griffons
  4 elephants
  A shining eye (Lair:1)
  4 cyclopes
  12 black mambas
  7 wolf spiders
  4 manticores
  3 sirens (Shoals:1)
  A guardian serpent (Lair:7)
  An ice statue (IceCv)
  5 torpor snails
  19 spiny frogs
  A moth of wrath (Spider:1)
  A redback zombie (D:14)
  8 demonic crawlers
  A tengu conjurer (D:15)
  11 komodo dragons
  4 fire drakes
  An efreet (D:14)
  7 yaktaurs
  A queen bee (D:14)
  2 merfolk (Shoals:1)
  19 blink frogs
  A harpy skeleton (D:12)
  11 jumping spiders
  9 polar bears
  A wind drake (Shoals:1)
  A slime creature (D:14)
  12 trolls
  5 two-headed ogres
  A snapping turtle (Shoals:1)
  A fire elemental (Lair:6)
  17 tarantellas
  Sigmund (D:3)
  40 redbacks
  8 trapdoor spiders
  5 deep elf magi (D:12)
  6 wyverns
  4 wraiths (D:10)
  A human (shapeshifter) (D:15)
  16 hippogriffs
  2 vampire mosquitoes (D:14)
  A human (D:10)
  5 steam dragons
  6 hogs (D:13)
  A hungry ghost (D:15)
  A shadow (D:14)
  7 basilisks
  96 yaks
  2 wargs
  A mottled dragon (Lair:8)
  10 porcupines
  27 wolves
  A soldier ant (D:12)
  25 water moccasins
  An eye of draining (D:11)
  8 black bears
  2 swamp drakes (Lair:8)
  A slave (D:8)
  7 necrophages
  3 sky beasts
  15 spiders
  2 wasps
  53 orc warriors
  20 centaurs
  20 ice beasts
  26 crocodiles
  25 giant frogs
  22 ogres
  6 big kobolds
  A water moccasin zombie (D:8)
  A brain worm (D:15)
  A gnoll sergeant (D:9)
  4 scorpions
  A wyvern skeleton (D:8)
  17 wights
  20 killer bees
  18 jellies
  A giant frog zombie (D:6)
  9 crimson imps
  A lava snake (Lair:6)
  5 hounds
  51 orc priests
  6 hell rats (Lair:6)
  6 centaur skeletons
  2 centaur zombies
  An iron imp (Abyss:1)
  34 orc wizards
  Jessica (D:2)
  3 giant frog skeletons
  15 worker ants
  16 iguanas
  39 sheep
  A mummy (D:7)
  A worker ant zombie (D:10)
  8 gnolls
  90 river rats
  21 adders
  7 shadow imps
  15 oozes
  An adder skeleton (D:4)
  An adder zombie (D:7)
  2 worms
  7 giant geckos
  273 orcs
  3 giant cockroaches
  11 goblins
  8 hobgoblins
  13 jackals
  11 quokkas
  3 ball pythons
  6 bats
  3 giant newts
  35 kobolds
  5 rats
  A tentacle (Shoals:1)
1573 creatures vanquished.

Vanquished Creatures (collateral kills)
  Norris (Spider:3)
  Arachne (Spider:3)
  A kraken (Shoals:1)
  7 emperor scorpions
  4 entropy weavers
  9 orb spiders
  9 wolf spiders
  2 hornets
  A torpor snail (Spider:2)
  16 jumping spiders
  8 demonic crawlers
  A komodo dragon (Lair:8)
  A boulder beetle (Spider:2)
  16 trapdoor spiders
  33 redbacks
  19 tarantellas
  A yak (Lair:8)
  A hippogriff (Lair:8)
  7 spiders
  An electric eel (Spider:4)
  2 jellies (D:7)
  An orc wizard (D:9)
  A worker ant (D:4)
  An adder (D:2)
  2 quokkas
  9 plants
  4 tentacles (Shoals:1)
159 creatures vanquished.

Vanquished Creatures (others)
  A wizard (D:12)
  A jumping spider (Spider:3)
  A boulder beetle (Lair:6)
  A yak (IceCv)
  A wolf (IceCv)
  A water moccasin (Lair:6)
  A porcupine (Lair:6)
  An orc warrior (Orc:4)
  A human (D:7)
  A giant frog (Lair:6)
  An orc (D:11)
  2 bushes
  65 fungi
  100 plants
  11 tentacles (Shoals:1)
  963 tentacle segments (Shoals:1)
1152 creatures vanquished.

Grand Total: 2884 creatures vanquished

Notes
Turn   | Place    | Note
--------------------------------------------------------------
     0 | D:1      | Lorraine the Draconian Transmuter began the quest for the Orb.
     0 | D:1      | Reached XP level 1. HP: 16/16 MP: 3/3
   458 | D:1      | Reached XP level 2. HP: 17/23 MP: 3/5
   622 | D:1      | Learned a level 2 spell: Sticks to Snakes
  1284 | D:1      | Reached skill level 1 in Stealth
  1284 | D:1      | Reached XP level 3. HP: 24/28 MP: 0/6
  1766 | D:2      | Reached XP level 4. HP: 13/36 MP: 1/7
  2066 | D:2      | Found a blossoming altar of Fedhas.
  2094 | D:2      | Found a faded altar to an unknown god.
  2141 | D:2      | Became a worshipper of Ashenzari the Shackled
  2141 | D:2      | Reached * piety under Ashenzari
  2191 | D:2      | Found a deep blue altar of Sif Muna.
  2438 | D:2      | Learned a level 3 spell: Spider Form
  2605 | D:2      | Noticed Jessica
  2612 | D:2      | Killed Jessica
  3274 | D:3      | Noticed a phantom
  3286 | D:3      | Reached XP level 5. HP: 26/41 MP: 5/9
  4053 | D:3      | Noticed Sigmund
  4135 | D:3      | Killed Sigmund
  4135 | D:3      | Reached skill level 1 in Poison Magic
  4135 | D:3      | Reached XP level 6. HP: 39/50 MP: 3/10
  4619 | D:4      | Found a shadowy altar of Dithmenos.
  4928 | D:4      | Your scales start taking on a lurid green colour.
  4928 | D:4      | Gained mutation: Your system is resistant to poisons. [Green Draconian growth]
  4928 | D:4      | Reached XP level 7. HP: 39/57 MP: 9/12
  5142 | D:4      | Reached skill level 4 in Unarmed Combat
  5569 | D:4      | Found a staircase to the Ecumenical Temple.
  5825 | D:5      | Entered Level 5 of the Dungeon
  5971 | D:5      | Learned a level 4 spell: Ice Form
  6016 | D:5      | Noticed Goblin1989's ghost (amateur DsWn)
  7048 | D:5      | Learned a level 2 spell: Blink
  7425 | D:5      | Reached XP level 8. HP: 58/66 MP: 10/13
  7529 | D:6      | Found a shimmering altar of Xom.
  7533 | D:6      | Found a glowing golden altar of the Shining One.
  7632 | D:6      | Gained mutation: You are agile. (Dex +2) [mutagenic meat]
  7633 | D:6      | Gained mutation: You have a pair of small horns on your head. [mutagenic meat]
  7634 | D:6      | Gained mutation: You can translocate small distances at will. [mutagenic meat]
  7954 | D:6      | Reached skill level 1 in Ice Magic
  8105 | D:6      | Reached skill level 5 in Unarmed Combat
  8179 | D:6      | Found Visubone's Food Boutique.
  8667 | D:6      | Reached XP level 9. HP: 73/73 MP: 12/16
  8723 | D:7      | Reached ** piety under Ashenzari
  8799 | D:7      | Reached skill level 5 in Transmutations
  8824 | D:7      | Reached skill level 5 in Fighting
  8997 | D:7      | Found an ancient bone altar of Kikubaaqudgha.
  9085 | D:7      | Found a snail-covered altar of Cheibriados.
  9181 | D:7      | Found Daosadwonel's Assorted Antiques.
  9493 | D:7      | Bought a scroll of identify for 52 gold pieces
  9493 | D:7      | Bought a smoking war axe for 221 gold pieces
  9493 | D:7      | Identified the +3 war axe of Tuiheh {chop, +Inv rC++ MR- Dex+4} (You bought it in a shop on level 7 of the Dungeon)
  9495 | D:7      | Bought a glowing bronze ring for 130 gold pieces
  9495 | D:7      | Bought a scroll labeled YLOANN DI NASM for 26 gold pieces
  9561 | D:7      | Reached skill level 5 in Dodging
  9610 | D:7      | Reached skill level 5 in Spellcasting
 10468 | D:7      | Noticed an oklob plant
 10606 | D:7      | Noticed a thorn hunter
 10606 | D:7      | an oklob plant changed into a thorn hunter
 10857 | D:8      | Learned a level 5 spell: Blade Hands
 11158 | D:8      | Found a burning altar of Makhleb.
 11579 | D:8      | Reached skill level 6 in Fighting
 11849 | D:8      | Noticed Pikel
 11868 | D:8      | Killed Pikel
 11868 | D:8      | Reached XP level 10. HP: 71/84 MP: 8/18
 12858 | D:9      | Found a shattered altar of Ashenzari.
 13078 | D:9      | Found a stormy altar of Qazlal.
 13081 | D:9      | Found a radiant altar of Vehumet.
 13650 | D:9      | Reached skill level 7 in Fighting
 13740 | D:10     | Entered Level 10 of the Dungeon
 13776 | D:10     | Noticed a hill giant
 13814 | D:9      | Killed a hill giant
 14027 | D:9      | Reached skill level 5 in Ice Magic
 14248 | D:10     | Found a staircase to the Lair.
 14302 | D:10     | Found a staircase to the Orcish Mines.
 14302 | D:10     | Noticed Josephine
 14359 | D:10     | Killed Josephine
 14369 | D:10     | Reached XP level 11. HP: 69/92 MP: 18/21
 14897 | D:10     | Noticed an unseen horror
 14913 | D:10     | Killed an unseen horror
 15134 | D:10     | Noticed Goblin1989's ghost (novice GrGl)
 15595 | D:10     | Noticed a hill giant
 15602 | D:10     | Killed a hill giant
 15737 | D:10     | Killed Goblin1989's ghost
 15737 | D:10     | Reached skill level 8 in Fighting
 16242 | D:10     | Found a glowing golden altar of the Shining One.
 16468 | D:10     | Noticed a hill giant
 17429 | D:10     | Killed a hill giant
 17507 | Lair:1   | Entered Level 1 of the Lair of Beasts
 17752 | Lair:1   | Noticed Urug
 17967 | Lair:1   | Killed Urug
 18172 | Lair:1   | Noticed Nergalle
 18182 | Lair:1   | Noticed Nergalle
 18182 | Lair:1   | Nergalle changed into Nergalle the shining eye
 18183 | Lair:1   | Gained mutation: You are frail (-10% HP). [Nergalle]
 18185 | Lair:1   | Gained mutation: You expend magic power (3 MP) to strengthen your wands. [Nergalle]
 18186 | Lair:1   | Killed Nergalle the shining eye
 18469 | Lair:1   | Found a glowing silver altar of Zin.
 18839 | Lair:2   | Reached XP level 12. HP: 92/92 MP: 17/23
 18840 | Lair:2   | Reached *** piety under Ashenzari
 19611 | Lair:2   | Reached skill level 9 in Fighting
 20269 | Lair:3   | Found a frozen archway.
 20294 | IceCv    | Entered an ice cave
 22140 | IceCv    | Noticed a frost giant
 22163 | IceCv    | Reached skill level 10 in Fighting
 22163 | IceCv    | Reached XP level 13. HP: 36/101 MP: 22/25
 22649 | IceCv    | Killed a frost giant
 22986 | Lair:3   | Found a staircase to the Shoals.
 23360 | Lair:3   | Reached skill level 10 in Unarmed Combat
 23448 | Lair:3   | Noticed a five-headed hydra
 23774 | Lair:3   | Killed a five-headed hydra
 24722 | D:7      | Fell from the grace of Ashenzari
 24722 | D:7      | Became a worshipper of Kikubaaqudgha
 25485 | Lair:4   | Noticed Harold
 25534 | Lair:4   | Gained mutation: You are very frail (-20% HP). [miscasting Blade Hands]
 25534 | Lair:4   | Gained mutation: You are dopey. (Int -2) [miscasting Blade Hands]
 25782 | Lair:4   | Killed Harold
 25983 | Lair:4   | Gained mutation: You have an increased reservoir of magic (+10% MP). [potion of mutation]
 25983 | Lair:4   | Lost mutation: You are very frail (-20% HP). [potion of mutation]
 26204 | Lair:4   | Reached skill level 10 in Transmutations
 27619 | Lair:5   | Reached * piety under Kikubaaqudgha
 27619 | Lair:5   | Received a gift from Kikubaaqudgha
 27641 | Lair:5   | Identified Kikubaaqudgha's Incunabulum of Evil (Kikubaaqudgha gifted it to you on level 5 of the Lair of Beasts)
 27889 | Lair:5   | Learned a level 3 spell: Regeneration
 28427 | Lair:5   | Reached skill level 11 in Fighting
 28896 | Lair:5   | Got an ancient scimitar
 28897 | Lair:5   | Identified the +3 scimitar of the Goat {freeze, rPois Str+5 Dex+3} (You found it on level 5 of the Lair of Beasts)
 28905 | Lair:5   | Found a deep blue altar of Sif Muna.
 28983 | Lair:5   | Reached skill level 10 in Spellcasting
 29444 | Lair:5   | Found a hole to the Spider Nest.
 29457 | Lair:5   | Reached ** piety under Kikubaaqudgha
 29945 | Lair:4   | Reached skill level 10 in Dodging
 30297 | Lair:6   | Gained mutation: Your tail ends in a poisonous barb. [Green Draconian growth]
 30297 | Lair:6   | Reached XP level 14. HP: 54/111 MP: 24/30
 30403 | Lair:6   | Gained mutation: You tend to lose your temper in combat. [miscasting Blade Hands]
 30523 | Lair:6   | Found a dark tunnel.
 30587 | Volcano  | Entered a volcano
 31544 | Lair:6   | Found a staircase to the Slime Pits.
 32744 | Lair:6   | Reached *** piety under Kikubaaqudgha
 32744 | Lair:6   | Received a gift from Kikubaaqudgha
 32747 | Lair:6   | Identified Kikubaaqudgha's Guide on Darkness (Kikubaaqudgha gifted it to you on level 6 of the Lair of Beasts)
 33377 | Lair:1   | Learned a level 4 spell: Animate Dead
 33410 | Orc:1    | Entered Level 1 of the Orcish Mines
 34946 | Orc:2    | Reached **** piety under Kikubaaqudgha
 35764 | Orc:1    | Found a burning altar of Makhleb.
 36166 | Orc:3    | Found Esueg's Assorted Antiques.
 36176 | Orc:3    | Bought a potion of curing for 72 gold pieces
 36176 | Orc:3    | Bought a potion of ambrosia for 192 gold pieces
 36343 | Orc:3    | Found Qotyreolos's Assorted Antiques.
 36347 | Orc:3    | Bought a potion of haste for 320 gold pieces
 36347 | Orc:3    | Bought a scroll of identify for 64 gold pieces
 36347 | Orc:3    | Bought a scroll of teleportation for 96 gold pieces
 36347 | Orc:3    | Bought a potion of magic for 256 gold pieces
 36429 | Orc:3    | Found a staircase to the Elven Halls.
 36478 | Orc:3    | Found Boomebut's Book Shoppe.
 37043 | Orc:3    | Reached ***** piety under Kikubaaqudgha
 37389 | Orc:4    | Entered Level 4 of the Orcish Mines
 37903 | Orc:4    | Found Getuh's Weapon Emporium.
 38075 | Orc:4    | Found a roughly hewn altar of Beogh.
 38662 | Orc:4    | Found Patrepn's Distillery.
 38872 | Orc:4    | Bought a potion of haste for 150 gold pieces
 38872 | Orc:4    | Bought a potion of heal wounds for 75 gold pieces
 38872 | Orc:4    | Bought a potion of lignification for 45 gold pieces
 38872 | Orc:4    | Bought a potion of heal wounds for 75 gold pieces
 38872 | Orc:4    | Bought a potion of curing for 45 gold pieces
 38872 | Orc:4    | Bought a potion of might for 60 gold pieces
 38872 | Orc:4    | Bought a potion of magic for 120 gold pieces
 39335 | Orc:4    | Noticed Saint Roka
 39393 | Orc:4    | Killed Saint Roka
 40239 | Orc:4    | Identified a +4 rod of inaccuracy (12/12) (You took it off an orc on level 4 of the Orcish Mines)
 40450 | Orc:4    | Reached skill level 12 in Fighting
 40701 | Orc:4    | Paralysed by an orc sorcerer for 4 turns
 41894 | Orc:4    | Noticed an orc warlord
 42126 | Orc:4    | Killed an orc warlord
 42332 | Orc:4    | Found a roughly hewn altar of Beogh.
 42384 | Orc:4    | Found Huelud's General Store.
 42957 | Orc:4    | Found Dueshi Bais's Antique Weapon Emporium.
 42975 | Orc:4    | Reached ****** piety under Kikubaaqudgha
 44110 | Orc:3    | Was forgiven by Ashenzari
 45057 | Lair:6   | Noticed Nessos
 45067 | Lair:6   | Killed Nessos
 45067 | Lair:6   | Reached skill level 1 in Necromancy
 45456 | Lair:6   | Reached XP level 15. HP: 120/120 MP: 27/32
 46803 | Lair:7   | Noticed Goblin1989's ghost (journeyman DsGl)
 46845 | Lair:7   | Killed Goblin1989's ghost
 47731 | Lair:8   | Entered Level 8 of the Lair of Beasts
 47992 | Lair:8   | Found a sacrificial altar of Ru.
 48836 | Lair:8   | Lost mutation: You are agile. (Dex +2) [potion of cure mutation]
 48836 | Lair:8   | Lost mutation: You tend to lose your temper in combat. [potion of cure mutation]
 48836 | Lair:8   | Lost mutation: You expend magic power (3 MP) to strengthen your wands. [potion of cure mutation]
 48836 | Lair:8   | Lost mutation: You are frail (-10% HP). [potion of cure mutation]
 48836 | Lair:8   | Lost mutation: You have an increased reservoir of magic (+10% MP). [potion of cure mutation]
 48836 | Lair:8   | Lost mutation: You are dopey. (Int -2) [potion of cure mutation]
 49505 | Lair:7   | Reached skill level 13 in Fighting
 52249 | Lair:8   | Identified a scroll of acquirement
 52468 | Lair:8   | Reached skill level 1 in Shields
 53861 | Lair:7   | Reached skill level 5 in Shields
 53861 | Lair:7   | Reached XP level 16. HP: 139/144 MP: 26/31
 54525 | D:11     | Found a shattered altar of Ashenzari.
 54525 | D:11     | Found a snail-covered altar of Cheibriados.
 54649 | D:11     | Reached skill level 1 in Charms
 55179 | D:7      | Received a gift from Kikubaaqudgha
 55224 | D:7      | Killed a thorn hunter
 55224 | D:7      | Reached skill level 5 in Necromancy
 55657 | D:11     | Found a portal to a secret trove of treasure.
 56655 | D:12     | Found a bloodstained altar of Trog.
 56927 | D:12     | Paralysed by a wizard for 3 turns
 57150 | D:12     | Gained mutation: You are agile. (Dex +2) [mutagenic meat]
 57151 | D:12     | Gained mutation: You are very agile. (Dex +4) [mutagenic meat]
 57177 | D:12     | Noticed Snorg
 57192 | D:12     | Killed Snorg
 57346 | D:12     | Noticed Erolcha
 57375 | D:12     | Killed Erolcha
 58718 | D:13     | Noticed Kirke
 58962 | D:13     | Found a roughly hewn altar of Beogh.
 59185 | D:13     | Killed Kirke
 59704 | D:13     | Noticed nublet's ghost (journeyman CeFE)
 59714 | D:13     | Killed nublet's ghost
 59714 | D:13     | Reached skill level 1 in Translocations
 60503 | D:14     | Reached skill level 14 in Fighting
 61001 | D:14     | Got a jewelled shield
 61002 | D:14     | Identified the +5 shield of the Hanged Man {*Corrode Int+5} (You acquired it on level 14 of the Dungeon)
 61206 | D:14     | Reached XP level 17. HP: 145/152 MP: 27/33
 61551 | D:14     | Found a gate to the Vaults.
 61578 | D:15     | Entered Level 15 of the Dungeon
 61681 | D:15     | Found a staircase to the Depths.
 62743 | D:15     | Got a ring of the Octopus King
 62771 | D:15     | Identified a ring of the Octopus King {AC+1 EV+1 Str+1 Int+1 Dex+1 SInv} (You found it on level 15 of the Dungeon)
 63355 | Lair:1   | Learned a level 6 spell: Simulacrum
 63361 | Lair:1   | Learned a level 5 spell: Dispel Undead
 63566 | Spider:1 | Entered Level 1 of the Spider Nest
 67344 | Spider:2 | Gained mutation: Your magical capacity is low (-10% MP). [mutagenic glow]
 67766 | Spider:2 | Lost mutation: You can translocate small distances at will. [potion of cure mutation]
 67766 | Spider:2 | Lost mutation: Your magical capacity is low (-10% MP). [potion of cure mutation]
 67766 | Spider:2 | Lost mutation: You have a pair of small horns on your head. [potion of cure mutation]
 67766 | Spider:2 | Lost mutation: You are very agile. (Dex +4) [potion of cure mutation]
 67766 | Spider:2 | Lost mutation: You are agile. (Dex +2) [potion of cure mutation]
 67944 | Spider:3 | Noticed Arachne
 67952 | Spider:3 | Killed Arachne
 68167 | Spider:3 | Noticed Norris
 68180 | Spider:3 | Killed Norris
 68201 | Spider:3 | Gained mutation: You are dopey. (Int -2) [mutagenic glow]
 68255 | Spider:3 | Gained mutation: You are somewhat resistant to further mutation. [potion of mutation]
 68468 | Spider:3 | Noticed Louise
 68492 | Spider:3 | Cast into the Abyss (Louise)
 68545 | Spider:3 | Escaped the Abyss
 68548 | Spider:3 | Killed Louise
 69363 | Spider:3 | Gained mutation: Your natural rate of healing is unusually fast. [mutagenic meat]
 69422 | Spider:4 | Entered Level 4 of the Spider Nest
 70137 | Spider:4 | Reached XP level 18. HP: 157/160 MP: 0/34
 70530 | Spider:4 | Learned a level 6 spell: Statue Form
 70971 | Spider:4 | Reached skill level 10 in Necromancy
 71268 | Spider:4 | Got a gossamer rune of Zot
 71543 | Spider:1 | Reached skill level 10 in Ice Magic
 71821 | Shoals:1 | Entered Level 1 of the Shoals
 72218 | Shoals:1 | Noticed Frances
 72234 | Shoals:1 | Slain by a hellwing

Action                   |  1- 3 |  4- 6 |  7- 9 | 10-12 | 13-15 | 16-18 || total
-------------------------+-------+-------+-------+-------+-------+-------++-------
Melee: Unarmed           |   117 |   204 |   619 |  1003 |  2390 |  1504 ||  5837
 Cast: Beastly Appendage |    10 |     2 |     6 |       |       |       ||    18
       Sticks to Snakes  |     4 |     4 |    23 |     2 |     4 |     1 ||    38
       Spider Form       |       |    10 |    27 |    17 |       |     6 ||    60
       Ice Form          |       |       |       |    11 |    15 |     1 ||    27
       Blade Hands       |       |       |       |    31 |   186 |   108 ||   325
       Regeneration      |       |       |       |       |    24 |     3 ||    27
       Blink             |       |       |       |       |     9 |     7 ||    16
       Animate Dead      |       |       |       |       |     6 |     5 ||    11
       Simulacrum        |       |       |       |       |       |    83 ||    83
Invok: Receive Corpses   |       |       |       |       |     8 |    32 ||    40
       Receive Necronomi |       |       |       |       |       |     1 ||     1
 Abil: End Transformatio |       |     1 |     2 |     1 |     7 |    15 ||    26
       Breathe Noxious F |       |       |    13 |     3 |    28 |    14 ||    58
Evoke: Wand              |       |       |     1 |     9 |    17 |    10 ||    37
  Use: Potion            |       |     1 |     1 |     4 |    25 |     4 ||    35
       Scroll            |       |     4 |    10 |    17 |    17 |    21 ||    69
 Stab: Sleeping          |       |     2 |     5 |    10 |    11 |    12 ||    40
       Distracted        |       |     1 |     4 |       |     1 |     9 ||    15
       Confused          |       |       |    11 |       |     8 |     9 ||    28
       Invisible         |       |       |       |       |    14 |       ||    14
  Eat: Chunk             |     3 |    11 |    25 |    48 |   149 |    84 ||   320
       Pizza             |       |     1 |       |       |     7 |     2 ||    10
       Beef jerky        |       |       |     1 |       |     5 |     3 ||     9
       Bread ration      |       |       |     1 |       |       |       ||     1
       Fruit             |       |       |       |       |     7 |     2 ||     9
       Meat ration       |       |       |       |       |     2 |     6 ||     8
       Royal jelly       |       |       |       |       |     1 |       ||     1
